 Dungeon Crawl Stone Soup version 0.26-a0-362-g1d9a9cd4fa (webtiles) character file.

Game seed: 630928603909017827

(classic levelgen) 5355 EnegeticOcto the Quickloader (level 10, -5/77 HPs)
             Began as a Mummy Wanderer on July 18, 2020.
             Was an Elder of Okawaru.
             Slain by an orc warrior
             ... wielding a +0 dire flail
              (7 damage)
             ... on level 9 of the Dungeon.
             The game lasted 00:17:07 (13196 turns).

EnegeticOcto the Quickloader (Mummy Wanderer)      Turns: 13196, Time: 00:17:08

Health: -5/77      AC: 12    Str: 19    XL:     10   Next: 38%
Magic:  13/13      EV:  5    Int: 16    God:    Okawaru [****..]
Gold:   619        SH:  0    Dex: 17    Spells: 9/9 levels left

rFire    x . .     SeeInvis .   b - +4 trident (freeze)
rCold    + . .     Faith    +   (no shield)
rNeg     + + +     Spirit   .   o - +1 plate armour of Eklicaje {Int+4}
rPois    ∞         Reflect  .   i - +0 helmet
rElec    .         Harm     .   (no cloak)
rCorr    .                      (no gloves)
MR       +....                  (no boots)
Stlth    ..........             s - amulet of faith
HPRegen  0.22/turn              e - +6 ring of dexterity
MPRegen  0.13/turn              (no ring)

@: no status effects
A: no potions, fire vulnerability, cold resistance 1, negative energy resistance
3, torment resistance, unbreathing
a: Heroism, Renounce Religion


You were on level 9 of the Dungeon.
You worshipped Okawaru.
Okawaru was greatly pleased with you.
You visited 1 branch of the dungeon, and saw 9 of its levels.

You collected 619 gold pieces.

Inventory:

Hand Weapons
 a - a +6 hand crossbow
 b - a +4 trident of freezing (weapon)
Missiles
 c - 5 bolts
 f - 52 poisoned darts (quivered)
 g - 2 boomerangs of dispersal
 l - 5 silver boomerangs
Armour
 i - a +0 helmet (worn)
 o - the +1 plate armour of Eklicaje (worn) {Int+4}
   (You took it off an orc warrior on level 5 of the Dungeon)

   It affects your intelligence (+4).
Jewellery
 e - a +6 ring of dexterity (left hand)
 p - an uncursed ring of ice
 s - an amulet of faith (around neck)
Wands
 d - a wand of acid (4) {@v1}
 k - a wand of iceblast (5) {@v2}
 q - a wand of flame (11) {@v4}
Scrolls
 h - 3 scrolls of identify {@r1}
 j - 5 scrolls of remove curse {@r2}
 n - a scroll of fog {!r}
 r - a scroll of magic mapping {@r5 !r}


   Skills:
 + Level 6.7 Fighting
   Level 2.4(3.3) Axes
 + Level 3.4(3.8) Polearms
 + Level 9.6 Crossbows
 - Level 1.0 Armour
 - Level 1.0 Stealth
   Level 1.0 Shields
 - Level 5.0 Invocations
 + Level 3.5 Evocations


You had 9 spell levels left.
You didn't know any spells.
Your spell library contained the following spells:

 Spells                   Type           Power        Failure   Level
 Magic Dart               Conj           #...         100%        1
 Blink                    Tloc           N/A          100%        2
 Call Imp                 Summ           #.......     100%        2
 Slow                     Hex            #.......     100%        2
 Conjure Flame            Conj/Fire      #.......     100%        3
 Mephitic Cloud           Conj/Pois/Air  #.......     100%        3


Dungeon Overview and Level Annotations

Branches:
Dungeon (9/15)             Temple (0/1) D:5            Lair (0/6) D:9
    Orc: D:9-12

Altars:
Okawaru
Qazlal
Uskayaw
Vehumet
Zin

Shops:
D:7 (   D:8 !

Annotations:
D:9 1 runed translucent door


Innate Abilities, Weirdness & Mutations

You do not drink.
Your flesh is vulnerable to fire.
You are immune to poison.
Your flesh is cold resistant. (rC+)
You are immune to negative energy. (rN+++)
You are immune to unholy pain and torment.
You can survive without breathing.


Message History

Press: ? - help, Shift-Dir - straight line, f/p - orc warrior
Aim: an orc warrior, wielding a +0 dire flail and wearing a +0 chain mail (lightly wounded)
You shoot a bolt.
The bolt hits the orc warrior but does no damage.
The orc warrior is lightly wounded.
Firing (i - inventory. (/) - cycle)
c - 11 bolts (quivered)
Press: ? - help, Shift-Dir - straight line, f/p - orc warrior
Aim: an orc warrior, wielding a +0 dire flail and wearing a +0 chain mail (lightly wounded)
You shoot a bolt. The bolt hits the orc warrior!
The orc warrior is heavily wounded.
An orc wizard comes into view. It is wielding a +0 war axe.
The orc wizard casts a spell.
The orc wizard seems to speed up.
Firing (i - inventory. (/) - cycle)
c - 10 bolts (quivered)
Press: ? - help, Shift-Dir - straight line, f/p - orc warrior
Aim: an orc warrior, wielding a +0 dire flail and wearing a +0 chain mail (heavily wounded)
You shoot a bolt. The bolt barely misses the orc warrior.
The orc wizard gestures wildly while chanting.
The orc wizard blinks!
Firing (i - inventory. (/) - cycle)
c - 9 bolts (quivered)
Press: ? - help, Shift-Dir - straight line, f/p - orc warrior
Aim: an orc warrior, wielding a +0 dire flail and wearing a +0 chain mail (heavily wounded)
You shoot a bolt. The bolt hits the orc warrior.
The orc warrior is heavily wounded.
The orc warrior hits you with a +0 dire flail!
The orc wizard hits you but does no damage. x2
The orc wizard hits you but does no damage.
Things that are here:
a +0 mace; a +0 leather armour; a cursed -3 falchion Firing (i - inventory. (/) - cycle)
c - 8 bolts (quivered)
Press: ? - help, Shift-Dir - straight line, f/p - orc warrior
Aim: an orc warrior, wielding a +0 dire flail and wearing a +0 chain mail (heavily wounded)
You shoot a bolt.
The bolt hits the orc warrior but does no damage.
The orc warrior is heavily wounded.
The orc warrior hits you with a +0 dire flail.
Firing (i - inventory. (/) - cycle)
c - 7 bolts (quivered)
Press: ? - help, Shift-Dir - straight line, f/p - orc warrior
Aim: an orc warrior, wielding a +0 dire flail and wearing a +0 chain mail (heavily wounded)
You shoot a bolt. The bolt barely misses the orc warrior.
The bolt hits the orc wizard.
The orc wizard is moderately wounded.
The orc warrior hits you with a +0 dire flail.
Firing (i - inventory. (/) - cycle)
c - 6 bolts (quivered)
Press: ? - help, Shift-Dir - straight line, f/p - orc warrior
Aim: an orc warrior, wielding a +0 dire flail and wearing a +0 chain mail (heavily wounded)
You shoot a bolt. The bolt hits the orc warrior.
The orc warrior is severely wounded.
The orc warrior hits you with a +0 dire flail!!
You are too injured to fight recklessly!
You are too injured to fight recklessly!
You are too injured to fight recklessly!
You are too injured to fight recklessly!
You are too injured to fight recklessly!
You are too injured to fight recklessly!
You are too injured to fight recklessly!
You are too injured to fight recklessly!
You are too injured to fight recklessly!
You are too injured to fight recklessly!
You are too injured to fight recklessly!
You are too injured to fight recklessly!
You are too injured to fight recklessly!
Your +4 trident of freezing glows with a cold blue light!
b - a +4 trident of freezing (weapon)
You hit the orc warrior. You freeze the orc warrior.
The orc warrior is almost dead.
The orc warrior hits you but does no damage.
You completely miss the orc warrior.
The orc warrior is almost dead.
The orc warrior hits you with a +0 dire flail!
The orc wizard casts a spell.
The orc wizard blinks!
You hit the orc warrior but do no damage.
The orc warrior is almost dead.
The orc warrior hits you with a +0 dire flail!!
* * * LOW HITPOINT WARNING * * *
The orc wizard mumbles some strange words.
The orc wizard blinks!
You barely miss the orc warrior.
The orc warrior is almost dead.
The orc warrior hits you with a +0 dire flail.
* * * LOW HITPOINT WARNING * * *
You closely miss the orc warrior.
The orc warrior is almost dead.
The orc warrior hits you with a +0 dire flail.
* * * LOW HITPOINT WARNING * * *
You closely miss the orc warrior.
The orc warrior is almost dead.
The orc warrior hits you with a +0 dire flail.
* * * LOW HITPOINT WARNING * * *
You hit the orc warrior but do no damage.
The orc warrior is almost dead.
The orc warrior hits you with a +0 dire flail.
* * * LOW HITPOINT WARNING * * *
You hit the orc warrior. You freeze the orc warrior.
The orc warrior is almost dead.
The orc wizard gestures wildly while chanting.
The orc wizard blinks!
The orc warrior hits you with a +0 dire flail!
You die...

#.### #.# #.#
###...# #.# #.#
......# #.# #.#
#.#.#.# ##.# #.#
#.#.#.# #..# #.#
#.#.#.# #.## #.#
######## ### #.#
#. ##8###.#####.#
...#...#...#§o@.#
.............####
..(((........#
(.(...(..o..##
...#...#...##
##8###8## ### ###
#.# ######.#


You could see an orc warrior and an orc wizard (fast).

Vanquished Creatures
  A komodo dragon (D:9)
  A troll (D:8)
  Grinder (D:6)
  Grum (D:9)
  A water moccasin (D:7)
  6 orc warriors
  3 ice beasts
  2 phantoms
  A sky beast (D:6)
  3 ogres
  4 wolves (D:9)
  4 centaurs
  Blork the orc (D:6)
  2 gnoll sergeants (D:9)
  2 wyvern zombies
  2 bullfrogs
  3 scorpions
  8 wights (D:6)
  A howler monkey (D:4)
  A centaur zombie (D:9)
  A quasit (D:9)
  8 hounds
  3 jellies
  6 orc priests
  10 orc wizards
  2 gnoll shamans (D:9)
  Natasha (twice) (D:2)
  An iguana (D:3)
  A centaur skeleton (D:7)
  3 worker ants
  3 hound skeletons
  6 gnolls (D:9)
  17 adders
  A shadow imp (D:9)
  2 white imps
  2 ufetubi
  2 oozes
  2 adder zombies
  4 worms
  2 dart slugs
  4 leopard geckos
  39 orcs
  8 bats
  7 giant cockroaches
  11 goblins
  16 hobgoblins
  6 jackals (D:4)
  14 kobolds
  5 quokkas
  6 frilled lizards
  A jackal zombie (D:5)
  3 leopard gecko skeletons
  A quokka skeleton (D:5)
  7 rats
254 creatures vanquished.

Vanquished Creatures (others)
  A plant (D:9)
1 creature vanquished.

Grand Total: 255 creatures vanquished

Notes
Turn   | Place    | Note
-------+----------+-------------------------------------------
     0 | D:1      | EnegeticOcto the Mummy Wanderer began the quest for the
                  | Orb.
     0 | D:1      | EnegeticOcto set off with the following items: a +2 hand
                  | crossbow, 21 bolts, a +0 hand axe, a scroll of
                  | teleportation {@r3 !r}, a +0 robe
     0 | D:1      | Reached XP level 1. HP: 16/16 MP: 1/1
    46 | D:1      | Reached skill level 2 in Crossbows
   295 | D:1      | Reached XP level 2. HP: 22/22 MP: 2/2
   698 | D:1      | Reached XP level 3. HP: 24/27 MP: 3/3
   779 | D:1      | Reached skill level 3 in Crossbows
  1641 | D:2      | Noticed Natasha
  1653 | D:2      | Killed Natasha
  1653 | D:2      | Reached XP level 4. HP: 21/34 MP: 4/4
  2811 | D:2      | Noticed Natasha
  2814 | D:2      | Killed Natasha
  2814 | D:2      | Reached skill level 3 in Fighting
  2983 | D:3      | Reached XP level 5. HP: 39/41 MP: 5/5
  3008 | D:3      | Reached skill level 4 in Crossbows
  3966 | D:4      | Noticed a centaur
  3970 | D:4      | Killed a centaur
  3970 | D:4      | Reached skill level 4 in Fighting
  3970 | D:4      | Reached XP level 6. HP: 30/48 MP: 6/6
  4423 | D:4      | Reached skill level 5 in Crossbows
  4431 | D:4      | Reached XP level 7. HP: 44/55 MP: 7/7
  4715 | D:4      | Reached skill level 5 in Fighting
  4939 | D:4      | Found a radiant altar of Vehumet.
  4940 | D:4      | Found an iron altar of Okawaru.
  4941 | D:4      | Found a glowing silver altar of Zin.
  4945 | D:4      | Became a worshipper of Warmaster Okawaru
  5201 | D:5      | Entered Level 5 of the Dungeon
  5455 | D:5      | Identified the cursed +1 plate armour of Eklicaje {Int+4}
  5585 | D:5      | Reached skill level 6 in Crossbows
  5632 | D:5      | Found a staircase to the Ecumenical Temple.
  5788 | D:5      | Reached * piety under Okawaru
  5975 | D:5      | Reached skill level 1 in Invocations
  6000 | D:5      | Reached XP level 8. HP: 50/62 MP: 8/8
  6195 | D:6      | Reached skill level 7 in Crossbows
  6195 | D:6      | Reached skill level 2 in Invocations
  6829 | D:6      | Reached skill level 3 in Invocations
  6865 | D:6      | Reached ** piety under Okawaru
  7164 | D:6      | Noticed Blork the orc
  7168 | D:6      | Killed Blork the orc
  7168 | D:6      | Reached skill level 4 in Invocations
  7531 | D:6      | Noticed Grinder
  7538 | D:6      | Paralysed by Grinder for 3 turns
  7541 | D:6      | Killed Grinder
  7541 | D:6      | Reached skill level 8 in Crossbows
  7638 | D:7      | Reached XP level 9. HP: 39/68 MP: 12/12
  7780 | D:7      | Found Dalluod's Weapon Shop.
  7885 | D:7      | Reached skill level 5 in Invocations
  8161 | D:7      | Found a stormy altar of Qazlal.
  8527 | D:8      | Found a hide-covered altar of Uskayaw.
  8585 | D:8      | Reached skill level 9 in Crossbows
  8881 | D:8      | Identified the cursed +1 scale mail of Glamorous Brilliance
                  | {rC+ rN+} (You found it on level 8 of the Dungeon)
  9057 | D:8      | Noticed a troll
  9064 | D:8      | Killed a troll
  9064 | D:8      | Reached skill level 1 in Polearms
  9064 | D:8      | Reached skill level 1 in Evocations
  9534 | D:8      | Reached *** piety under Okawaru
  9652 | D:8      | Found Erghas's Distillery.
  9938 | D:9      | Reached skill level 2 in Polearms
  9938 | D:9      | Reached skill level 2 in Evocations
  9997 | D:9      | Noticed Grum
 10451 | D:9      | Reached skill level 6 in Fighting
 10584 | D:9      | Found a staircase to the Lair.
 10585 | D:9      | Noticed a komodo dragon
 10677 | D:9      | Killed a komodo dragon
 10677 | D:9      | Reached XP level 10. HP: 76/76 MP: 10/13
 11091 | D:9      | Killed Grum
 11097 | D:9      | Reached **** piety under Okawaru
 11097 | D:9      | Reached skill level 3 in Evocations
 11403 | D:9      | Reached skill level 3 in Polearms
 11410 | D:9      | Identified the cursed +0 scimitar "Eviscerator" {vamp,
                  | +Rage Str+3 Int-4}
 12069 | D:9      | Found a runed translucent door.
 13195 | D:9      | HP: 2/77 [orc warrior/+0 dire flail (6)]
 13196 | D:9      | Slain by an orc warrior

Illustrated notes

Levels and vault maps discovered:
D:1:      dpeg_arrival_chambers_temple_mockup, layout_basic, minivault_5,
          corexii_hall_statues_i
D:2:      layout_basic, minmay_worlds_worst_comb, uniq_natasha
D:3:      layout_loops_ring
D:4:      layout_cave_pools, minitemple, minmay_misc_feat_roman
D:5:      layout_rooms, minmay_temple_entry_butterflies
D:6:      layout_gridville, uniq_grinder, uniq_blork_the_orc
D:7:      layout_rooms, serial_shops, kennysheep_mini, minmay_misc_feat_alley,
          nicolae_qazlal_general_emergency
D:8:      layout_layer_cave, eat_drink_and_be_merry_uskayaw, serial_shops,
          shop_statue
D:9:      kennysheep_housing_project, layout_loops_ring, david_lair_shrubbed,
          david_orc_4, lightli_church_of_beogh, uniq_grum

Skill      XL: |  1  2  3  4  5  6  7  8  9 10 |
---------------+-------------------------------+-----
Crossbows      | 2 3 4 5 6 8 9 |  9.6
Fighting       | 3 4 5 6 |  6.7
Invocations    | 1 4 5 |  5.0
Polearms       | 2 3 |  3.4
Evocations     | 2 3 |  3.5
Axes           | |  2.4
Armour         | |  1.0
Stealth        | |  1.0
Shields        | |  1.0

Action                   |  1- 3 |  4- 6 |  7- 9 | 10-12 || total
-------------------------+-------+-------+-------+-------++-------
Melee: Hand axe          |    16 |       |       |       ||    16
       Spear             |   111 |   105 |       |       ||   216
       Quarterstaff      |       |   162 |   107 |       ||   269
       Trident           |       |       |   273 |   145 ||   418
       Punch             |       |       |       |     2 ||     2
 Fire: Hand crossbow     |    17 |    17 |   154 |    36 ||   224
Invok: Heroism           |       |       |     7 |     6 ||    13
Evoke: Wand              |       |       |       |     4 ||     4
       Box of beasts     |       |       |       |     1 ||     1
  Use: Scroll            |     1 |     6 |    15 |     4 ||    26
 Stab: Sleeping          |     2 |       |       |       ||     2
Armor: Robe              |     9 |       |       |       ||     9
       Ring mail         |    13 |    12 |       |       ||    25
       Plate armour      |       |   200 |   372 |    90 ||   662
Dodge: Dodged            |    61 |    68 |   137 |    43 ||   309

Table legend:
 A = Non-vault XP
 B = Vault XP
 C = Vault XP percentage of total XP
 D = Non-vault monster count
 E = Vault monster count
 F = Vault count percentage of total count
                 A         B        C        D         E       F
            +---------+---------+-------+---------+---------+-------
      Total |    4700 |    2950 |  38.6 |     199 |      55 |  21.7
            +---------+---------+-------+---------+---------+-------
        D:1 |      66 |       0 |   0.0 |      33 |       0 |   0.0
        D:2 |      83 |      42 |  33.6 |      18 |       4 |  18.2
        D:3 |     143 |       0 |   0.0 |      24 |       0 |   0.0
        D:4 |     536 |       0 |   0.0 |      28 |       0 |   0.0
        D:5 |     590 |       0 |   0.0 |      20 |       0 |   0.0
        D:6 |     938 |     376 |  28.6 |      19 |       2 |   9.5
        D:7 |     893 |       0 |   0.0 |      19 |       0 |   0.0
        D:8 |    1079 |     419 |  28.0 |      31 |       3 |   8.8
        D:9 |     372 |    2113 |  85.0 |       7 |      46 |  86.8
            +---------+---------+-------+---------+---------+-------
